 Dungeon Crawl Stone Soup version 0.29.1-2-gbd0b4ee654 (webtiles) character file.

Game seed: 5274939935371509862

7 Groucho the Sneak (level 1, 0/9 HPs)
             Began as a Spriggan Enchanter on Nov 21, 2022.
             Frozen to death by an endoplasm (5 damage)
             ... on level 1 of the Dungeon.
             The game lasted 00:01:11 (178 turns).

Groucho the Sneak (Spriggan Enchanter)               Turns: 178, Time: 00:01:11

Health: 0/9        AC:  2    Str:  4    XL:     1   Next: 91%
Magic:  5/5        EV: 17    Int: 16    God:
Gold:   11         SH:  0    Dex: 15    Spells: 5/5 levels left

rFire   . . .      SeeInvis +   a - +1 dagger
rCold   . . .      Faith    .   (no shield)
rNeg    . . .      Spirit   .   b - +0 robe
rPois   .          Reflect  .   (helmet restricted)
rElec   .          Harm     .   (no cloak)
rCorr   .          Rampage  .   (gloves unavailable)
Will    .....                   (boots unavailable)
Stlth   +++.......              (no amulet)
HPRegen 0.03/turn               (no ring)
MPRegen 0.09/turn               (no ring)

@: invisible, very quick
A: very small, no large weapons, unfitting armour, see invisible, speed 3
a: no special abilities


You were on level 1 of the Dungeon.
You visited 1 branch of the dungeon, and saw 1 of its levels.

You collected 11 gold pieces.

Inventory:

Hand Weapons
 a - a +1 dagger (weapon)
Missiles
 g - 5 boomerangs of dispersal (quivered)
Armour
 b - a +0 robe (worn)
Scrolls
 e - a scroll of poison {unknown}
 f - a scroll of blinking {unknown}
 i - a scroll of magic mapping {unknown}
Potions
 c - a potion of invisibility


   Skills:
 - Level 1.1 Short Blades
 - Level 2.6 Dodging
 * Level 4.9 Stealth
 + Level 2.9 Spellcasting
 + Level 3.8 Hexes


You had 5 spell levels left.
You didn't know any spells.
Your spell library contained the following spells:

 Spells                   Type           Power      Damage    Failure   Level
 Confusing Touch          Hex            14%        N/A       12%         3
 Tukima's Dance           Hex            14%        N/A       12%         3
 Ensorcelled Hibernation  Hex/Ice        16%        N/A       13%         2
 Dazzling Flash           Conj/Hex       16%        N/A       26%         3


Dungeon Overview and Level Annotations

Branches:
Dungeon (1/15)

Altars:


Innate Abilities, Weirdness & Mutations

You are very small and have problems with some larger weapons.
You are too small for most types of armour.
You have supernaturally acute eyesight. (SInv)
You cover ground extremely quickly. (Speed+++)


Message History

Unknown command.
Unknown command.
You are too injured to fight recklessly!
Unknown command.
You are too injured to fight recklessly!
Unknown command.
You are too injured to fight recklessly!
You hit the bat.
You kill the bat!
The bat closely misses you.
Unknown command.
Unknown command.
It was a potion of heal wounds.
You feel much better. The bat closely misses you. The bat misses you.
You miss the bat.
The bat is heavily wounded.
The bat hits you.
You hit the goblin.
The goblin is almost dead.
The bat barely misses you. The goblin hits you with a +0 dagger.
You catch the helpless goblin completely off-guard!
You puncture the goblin!
You kill the goblin!
The bat closely misses you.
You barely miss the endoplasm. The bat hits you but does no damage.
The endoplasm barely misses you.
You barely miss the endoplasm. The bat barely misses you.
The endoplasm completely misses you.
You hit the endoplasm.
The endoplasm is heavily wounded.
The bat hits you but does no damage. The endoplasm closely misses you.
You hit the endoplasm.
The endoplasm is severely wounded.
The bat hits you but does no damage.
The endoplasm jiggles.
The endoplasm freezes you.
You are frozen.
Ouch! That really hurt!
You die...

.........>..# #....#...<...#....#
....##......###....#.......#....#
....##.............#.......#.....
...................#.......#.....
....##....#..#.....#.......#.....
(...###.#...##.....###...###.....
##.####.#....#.......#'''#.......
##............(..................
.....J.........J@...♣.....♣......
###..#..#........................
# ##....##.......b..♣.....♣......
#.....#..........................
..#######...........♣.....♣......
. #?.......................
#...#........♣.....♣ ....
#.................


You could see an endoplasm and a bat.

Vanquished Creatures
  An endoplasm (D:1)
  2 goblins (D:1)
  A ball python (D:1)
  2 bats (D:1)
  A rat (D:1)
7 creatures vanquished.

Notes
Turn   | Place    | Note
-------+----------+-------------------------------------------
     0 | D:1      | Groucho the Spriggan Enchanter began the quest for the Orb.
     0 | D:1      | Reached XP level 1. HP: 9/9 MP: 5/5
   178 | D:1      | Frozen to death by an endoplasm

Illustrated notes

Levels and vault maps discovered:
D:1:      wander_arrival_estate, layout_rooms,
          hellmonk_ecumenical_altar_watching_god

Action                   || total
-------------------------++-------
Melee: Dagger            ||    24
       Punch             ||     1
Throw: Dart              ||     3
  Use: Potion            ||     2
 Stab: Sleeping          ||     4
       Invisible         ||     1
Armor: Robe              ||    12
Dodge: Dodged            ||    32
